Map: Acid Plant LE

Players

NESTA

  • Race: Protoss Protoss
  • League: Gold
  • Spawn Location: 5:00

Inteuniso - Winner!

  • Race: Protoss Protoss
  • League: Gold
  • Spawn Location: 11:00

VOD

Have the link to the VOD?

Description

Decent gold play without cheese but actual battles

Time

  • Played on: Oct. 17, 2018, 8:53 p.m.
  • Length: 34:23
Show
View Real Time Build Order
Export as new Build Order

NESTA Protoss 

Build Orders: Oracle Opening 

Get SALT Encoding   

  12  0:02  Probe  
  13  0:14  Probe  
  14  0:25  Probe  
  15  0:30  Pylon  
  15  0:45  Probe  
  16  0:50  Gateway  
  16  0:52  Assimilator  
  16  0:57  Probe  
  16  0:58  Assimilator  
  17  1:17  Probe  
  18  1:24  Assimilator  
  18  1:25  Probe  
  18  1:28  Assimilator  
  19  1:33  Probe  
  20  1:43  Probe  
  21  1:50  Cybernetics Core  
  21  1:55  Probe  
  21  1:56  Pylon  
  22  2:04  Probe  
  23  2:12  Probe  
  23  2:22  Probe  
  24  2:23  Pylon  
  24  2:28  Stargate  
  25  2:34  Probe  
  26  2:46  Probe, Warp Gate  
  27  2:52  Gateway  
  27  2:56  Gateway  
  27  2:58  Stalker  
  29  3:06  Oracle  
  32  3:28  Stalker  
  34  3:43  Nexus  
  34  3:44  Oracle  
  37  3:48  Pylon  
  37  4:15  Forge  
  35  5:04  Oracle  
  38  5:13  Photon Cannon  
  38  5:15  Photon Cannon  
  38  5:16  Shield Battery  
  38  5:17  Probe  
  38  5:18  Protoss Ground Armor Level 1, Assimilator  
  39  5:23  Pylon  
  39  5:29  Probe  
  40  5:41  Oracle  
  43  6:18  Probe  
  44  6:30  Probe  
  45  6:43  Probe  
  43  6:55  Probe  
  44  7:04  Protoss Ground Weapons Level 1  
  44  7:06  Stalker x3  
  44  7:07  Probe  
  51  7:12  Probe  
  51  7:14  Assimilator  
  52  7:19  Probe  
  53  7:24  Probe  
  53  7:27  Nexus  
  54  7:30  Pylon  
  54  7:31  Probe  
  54  7:34  Assimilator  
  54  7:35  Robotics Facility  
  55  7:37  Gateway  
  55  7:38  Assimilator  
  55  7:43  Probe, Pylon  
  56  7:48  Zealot x2, Fleet Beacon  
  56  7:49  Zealot  
  56  7:50  Probe  
  63  7:53  Stargate  
  63  7:55  Probe  
  64  8:06  Pylon  
  64  8:12  Stalker  
  66  8:13  Stalker x2  
  70  8:34  Observer  
  62  9:14  Protoss Shields Level 1  
  62  9:17  Stalker  
  62  9:18  Stalker x3  
  70  9:25  Probe  
  70  9:29  Probe x2  
  73  9:38  Probe  
  74  9:41  Probe x2  
  76  9:50  Probe  
  77  9:53  Probe  
  78  10:02  Probe  
  63  10:36  Stalker x2  
  63  10:37  Stalker x2  
  68  11:29  Stalker x3  
  74  11:38  Probe x2  
  76  11:41  Stalker  
  78  11:47  Mothership, Shield Battery  
  78  11:49  Photon Cannon  
  78  11:50  Tempest  
  78  11:51  Photon Cannon  
  78  11:53  Pylon  
  92  12:03  Immortal  
  92  12:07  Robotics Facility, Pylon  
  92  12:08  Pylon  
  96  12:24  Pylon  
  96  12:27  Stalker  
  96  12:28  Stalker x2  
  96  12:29  Zealot  
  91  13:01  Stalker x2  
  91  13:03  Stalker  
  90  13:07  Photon Cannon  
  90  13:08  Photon Cannon  
  90  13:13  Stalker  
  98  13:28  Stalker  
  98  13:32  Probe x2  
  98  13:33  Pylon  
  102  13:40  Stalker  
  102  13:41  Stalker  
  106  13:42  Zealot  
  102  14:01  Stalker  
  102  14:02  Stalker  
  106  14:04  Nexus  
  106  14:08  Assimilator  
  106  14:12  Assimilator  
  106  14:13  Pylon  
  106  14:15  Pylon x2  
  106  14:19  Gateway, Pylon  
  106  14:22  Pylon  
  106  14:24  Gateway  
  106  14:27  Gateway, Void Ray  
  106  14:32  Gateway  
  106  14:34  Immortal  
  106  14:35  Immortal  
  118  14:40  Pylon  
  118  14:45  Stargate  
  118  14:46  Stargate, Stalker x2  
  118  14:47  Stalker x2  
  118  14:48  Pylon  
  118  14:50  Photon Cannon  
  118  14:51  Pylon  
  128  15:14  Observer x2  
  128  15:17  Photon Cannon  
  128  15:18  Photon Cannon  
  128  15:21  Probe x2  
  128  15:22  Photon Cannon  
  128  15:23  Probe x2  
  128  15:24  Photon Cannon  
  132  15:29  Shield Battery  
  132  15:31  Nexus  
  132  15:32  Pylon  
  132  15:33  Photon Cannon  
  132  15:36  Assimilator  
  132  15:37  Zealot x2  
  132  15:38  Stalker x3  
  132  15:40  Assimilator  
  142  15:44  Pylon  
  142  15:45  Tempest, Void Ray  
  142  15:46  Void Ray  
  156  15:57  Zealot x3  
  156  15:58  Zealot  
  164  16:28  Stalker x2  
  164  16:30  Stalker x2  
  172  16:33  Pylon  
  172  16:37  Pylon  
  172  16:56  Stalker  
  172  16:57  Stalker x2  
  162  17:16  Stalker  
  141  17:59  Pylon  
  135  18:11  Stalker x2  
  135  18:12  Stalker x2  
  137  18:17  Pylon  
  137  18:19  Pylon  
  98  18:41  Stalker x3  
  98  18:42  Stalker  
  98  18:44  Stalker  
  97  18:50  Mothership  
  85  19:02  Stalker x2  
  81  19:03  Stalker  
  81  19:07  Void Ray x3  
  90  19:15  Stalker  
  90  19:16  Stalker x2  
  88  19:20  Pylon  
  88  19:21  Pylon  
  88  19:26  Observer  
  88  19:28  Graviton Catapult  
  89  19:40  Carrier  
  89  19:43  Stalker x2  
  89  19:44  Stalker  
  89  19:45  Stalker x2  
  99  19:49  Carrier  
  99  19:50  Probe x3  
  114  19:59  Carrier  
  114  20:02  Probe x2  
  114  20:03  Shield Battery  
  114  20:06  Pylon  
  116  20:14  Stalker x3  
  108  20:45  Stalker x3  
  110  20:51  Stalker  
  110  20:52  Stalker x2  
  116  21:04  Pylon  
  116  21:06  Pylon  
  116  21:07  Stalker x2  
  120  21:13  Protoss Air Armor Level 1  
  120  21:17  Photon Cannon  
  120  21:20  Probe x3  
  120  21:21  Probe, Shield Battery  
  120  21:23  Photon Cannon  
  120  21:24  Pylon  
  124  21:32  Probe x3  
  127  21:33  Probe  
  127  21:34  Carrier x3  
  146  21:44  Probe  
  147  21:49  Stalker  
  147  21:52  Probe x2  
  151  22:13  Probe x4  
  155  22:24  Observer  
  155  22:25  Probe x2, Stalker  
  155  22:26  Stalker x2  
  164  22:32  Immortal  
  164  22:34  Stalker, Zealot  
  164  22:35  Stalker  
  174  22:50  Stalker  
  174  22:51  Nexus, Stalker x2  
  178  22:53  Pylon  
  178  22:56  Assimilator  
  180  23:00  Assimilator  
  180  23:26  Stalker  
  178  23:27  Stalker x3  
  178  23:28  Stalker  
  178  23:32  Zealot x2  
  179  24:14  Stalker  
  179  24:15  Stalker x3  
  187  24:26  Pylon x2  
  175  24:51  Stalker  
  175  24:52  Stalker x3  
  170  24:54  Stalker x2  
  134  25:19  Stalker x3  
  134  25:20  Mothership, Stalker  
  115  25:48  Nexus  
  115  25:49  Stalker  
  117  25:50  Stalker x2  
  117  25:55  Zealot x2  
  125  26:05  Zealot  
  127  26:15  Zealot x2  
  131  26:36  Shield Battery  
  131  26:38  Photon Cannon  
  131  26:44  Zealot  
  131  27:06  Zealot x2  
  131  27:07  Zealot x3  
  137  27:15  Zealot x2  
  141  27:16  Zealot  
  141  27:37  Pylon  
  141  27:39  Pylon  
  141  27:41  Zealot x2  
  133  27:44  Zealot x2  
  133  27:50  Pylon  
  133  27:58  Stalker x2  
  135  28:12  Zealot  
  135  28:13  Zealot x2  
  135  28:14  Stalker  
  135  28:16  Stalker  
  135  28:17  Stalker  
  123  28:47  Stalker  
  123  28:48  Stalker x2  
  125  28:56  Photon Cannon  
  125  28:58  Pylon  
  125  29:11  Nexus  
  125  29:18  Pylon  
  125  29:22  Stalker x2  
  125  29:23  Stalker, Zealot  
  131  29:24  Zealot  
  132  29:49  Stalker x2  
  130  29:59  Stalker  
  128  30:04  Zealot x2  
  126  30:08  Stalker  
  126  30:14  Stalker x2  
  130  30:20  Stalker  
  134  30:41  Shield Battery  
  134  30:43  Pylon  
  117  31:00  Stalker x2  
  117  31:01  Stalker  
  96  31:04  Zealot  
  96  31:05  Zealot x2  
  96  31:07  Stalker  
  96  31:10  Stalker  
  59  31:26  Assimilator  
  59  31:29  Pylon  
  59  31:32  Pylon, Stalker x3  
  53  31:33  Stalker  
  53  31:36  Void Ray x3  
  53  31:39  Stalker  
  69  31:52  Stalker x2  
  41  32:09  Stalker x2  
  41  32:10  Stalker x3  
  41  32:11  Zealot  
  41  32:12  Zealot  
  55  32:32  Stalker  
  55  32:33  Stalker  
  55  32:34  Stalker  
  55  32:36  Stalker  
  27  33:45  Stalker  
  27  33:46  Stalker x3  
  27  33:47  Stalker x2  
  39  33:50  Stalker x2  
Show
View Real Time Build Order
Export as new Build Order

Inteuniso Protoss - Winner!

Build Orders:  

Get SALT Encoding   

  1  0:00  Probe  
  12  0:06  Probe  
  14  0:17  Probe  
  15  0:34  Pylon  
  15  0:39  Pylon  
  15  0:52  Probe  
  16  1:04  Probe  
  17  1:14  Gateway  
  17  1:16  Probe  
  18  1:30  Nexus  
  18  1:47  Pylon  
  18  1:56  Zealot  
  18  1:57  Forge  
  18  2:04  Probe  
  21  2:13  Probe  
  21  2:22  Probe  
  22  2:27  Gateway  
  23  2:34  Zealot  
  23  2:35  Cybernetics Core  
  25  2:42  Probe  
  25  2:44  Assimilator  
  25  2:50  Probe x2  
  28  3:02  Probe  
  29  3:05  Probe  
  29  3:06  Gateway  
  30  3:13  Probe  
  30  3:14  Probe  
  30  3:16  Zealot  
  34  3:24  Adept  
  36  3:29  Probe x2  
  38  3:40  Assimilator  
  39  3:41  Probe x2  
  39  3:47  Warp Gate  
  40  3:53  Probe x2  
  40  3:55  Stalker  
  37  4:05  Probe  
  37  4:06  Probe  
  37  4:07  Photon Cannon  
  36  4:17  Pylon  
  36  4:22  Probe  
  35  4:27  Stalker  
  37  4:34  Probe  
  33  4:49  Pylon  
  28  4:58  Stalker  
  28  5:13  Stalker  
  30  5:15  Probe x2  
  30  5:19  Assimilator  
  32  5:23  Probe x2  
  34  5:31  Probe  
  34  5:33  Probe  
  35  5:36  Nexus  
  36  5:45  Probe  
  37  5:50  Photon Cannon  
  37  5:52  Shield Battery  
  25  6:15  Probe x2  
  25  6:17  Pylon  
  27  6:23  Stalker x2  
  31  6:27  Probe x2  
  32  6:55  Probe  
  32  6:56  Probe  
  32  6:58  Probe  
  35  7:02  Photon Cannon  
  35  7:03  Probe, Shield Battery  
  35  7:05  Probe  
  37  7:10  Probe  
  37  7:11  Probe  
  37  7:13  Probe  
  38  7:19  Protoss Ground Weapons Level 1  
  40  7:22  Probe  
  41  7:33  Probe  
  41  7:34  Probe  
  41  7:36  Probe  
  44  7:44  Stalker  
  44  7:45  Probe, Stalker  
  44  7:47  Probe, Stalker  
  44  7:48  Probe  
  53  7:53  Probe  
  53  7:55  Probe  
  54  8:00  Probe  
  56  8:16  Stalker x3  
  56  8:19  Probe x3  
  64  8:28  Pylon  
  64  8:31  Probe x3  
  67  8:34  Photon Cannon  
  65  8:48  Pylon  
  57  9:07  Stalker x3  
  63  9:14  Probe x2  
  63  9:15  Probe, Photon Cannon  
  66  9:17  Shield Battery  
  66  9:26  Probe  
  66  9:27  Probe x2  
  69  9:32  Nexus  
  69  9:43  Stargate  
  69  9:45  Stargate  
  69  9:48  Protoss Ground Armor Level 1  
  67  9:52  Twilight Council  
  60  10:14  Stalker x3  
  52  10:33  Void Ray  
  52  10:41  Gateway  
  50  10:45  Probe  
  50  10:48  Probe  
  50  10:49  Probe  
  52  10:53  Probe  
  52  10:56  Probe  
  53  10:57  Assimilator  
  53  11:00  Stalker x3  
  53  11:01  Probe  
  53  11:02  Probe  
  61  11:08  Probe  
  61  11:13  Probe  
  62  11:21  Pylon  
  62  11:24  Void Ray  
  66  11:27  Stalker  
  67  11:35  Assimilator  
  67  11:36  Blink  
  67  11:37  Probe x3  
  70  11:44  Gateway  
  70  11:45  Gateway  
  70  11:49  Probe x2  
  70  11:50  Probe  
  73  12:00  Stalker x2  
  77  12:01  Stalker  
  77  12:04  Pylon  
  77  12:08  Pylon  
  79  12:11  Protoss Shields Level 1  
  79  12:19  Assimilator  
  79  12:27  Void Ray  
  83  12:41  Stalker  
  83  12:42  Stalker  
  83  12:43  Stalker x2  
  76  13:01  Probe x3  
  79  13:13  Probe x3  
  79  13:15  Stalker  
  79  13:16  Nexus, Stalker x3  
  90  13:23  Probe x2  
  90  13:24  Probe  
  93  13:31  Probe x2  
  93  13:32  Probe  
  93  13:39  Probe  
  96  13:42  Nexus  
  97  13:56  Pylon  
  97  13:59  Pylon  
  97  14:08  Pylon  
  97  14:23  Void Ray  
  97  14:24  Void Ray  
  97  14:28  Fleet Beacon  
  97  14:36  Stalker x4  
  97  14:37  Stalker x2  
  117  14:43  Pylon  
  117  14:45  Pylon  
  117  14:48  Pylon  
  117  14:52  Pylon  
  117  14:54  Probe  
  117  14:55  Probe x4  
  122  15:07  Probe x5  
  124  15:10  Photon Cannon, Protoss Air Weapons Level 1  
  124  15:11  Shield Battery  
  124  15:13  Protoss Ground Weapons Level 2  
  127  15:15  Stalker  
  127  15:16  Stalker x3  
  127  15:17  Stalker x2  
  139  15:27  Carrier x2  
  113  16:19  Robotics Facility  
  113  16:22  Probe x5  
  118  16:28  Assimilator  
  118  16:31  Assimilator  
  118  16:33  Stalker x6  
  118  16:34  Probe x5  
  135  16:40  Robotics Facility  
  135  16:42  Carrier x2  
  135  16:46  Mothership  
  141  17:03  Photon Cannon  
  141  17:06  Shield Battery  
  113  17:24  Stalker x5  
  113  17:25  Stalker  
  89  17:48  Gateway  
  89  17:49  Gateway, Immortal x2  
  84  17:52  Stalker x4  
  84  17:53  Stalker x2  
  84  18:16  Stalker x2  
  84  18:18  Immortal, Stalker x2  
  84  18:19  Stalker  
  90  18:21  Immortal  
  88  18:39  Stalker  
  66  19:16  Stalker x3  
  72  19:31  Pylon  
  72  19:37  Pylon  
  72  19:38  Protoss Shields Level 2  
  72  19:40  Pylon  
  72  19:53  Nexus  
  72  19:56  Stalker x3  
  78  20:00  Sentry  
  78  20:01  Sentry  
  78  20:05  Nexus  
  68  20:51  Stalker x3  
  68  20:52  Stalker x2  
  68  20:53  Stalker  
  68  20:55  Pylon  
  80  20:58  Pylon  
  80  21:01  Probe x3  
  83  21:10  Probe  
  83  21:13  Probe x2  
  83  21:15  Assimilator  
  83  21:16  Probe  
  86  21:18  Probe  
  86  21:19  Assimilator  
  86  21:24  Probe  
  86  21:25  Probe x2  
  90  21:31  Immortal  
  95  21:34  Charge  
  95  21:40  Carrier  
  95  21:50  Protoss Air Armor Level 1  
  101  21:57  Immortal  
  105  22:15  Stalker x2  
  105  22:16  Stalker  
  111  22:23  Tempest  
  117  22:42  Probe  
  117  22:45  Probe x3  
  117  22:48  Probe  
  121  22:53  Carrier x2  
  121  22:56  Probe  
  121  22:57  Probe x3  
  136  23:52  Stalker x5  
  136  23:53  Stalker  
  136  23:54  Stalker x2  
  134  24:42  Observer  
  134  24:43  Immortal  
  134  24:45  Stalker  
  137  24:49  Protoss Air Weapons Level 2  
  137  24:51  Protoss Shields Level 3  
  112  25:04  Zealot x2  
  112  25:05  Zealot x5  
  103  25:34  Probe x5  
  108  25:38  Assimilator  
  108  25:46  Probe x5  
  113  26:00  Pylon  
  113  26:02  Pylon  
  113  26:03  Zealot x3  
  113  26:04  Zealot x5  
  123  26:09  Assimilator  
  129  26:16  Probe x3  
  129  26:17  Probe x2  
  134  26:28  Probe x2  
  134  26:29  Mothership  
  134  26:32  Carrier x2  
  156  26:44  Pylon  
  151  27:13  Stalker x4  
  151  27:14  Stalker x4  
  123  28:06  Stalker x2  
  123  28:07  Zealot x3  
  123  28:08  Zealot x3  
  123  28:12  Tempest  
  108  30:15  Stalker x4  
  108  30:16  Stalker x3  
  108  30:17  Tempest x2  
  134  30:25  Assimilator  
  134  30:50  Nexus  
  116  31:20  Pylon  
  116  31:24  Pylon  
  112  32:19  Probe x2  
  112  32:20  Probe x2  
  116  32:23  Probe  
  117  32:31  Probe  
  117  32:32  Probe x3  
  121  32:43  Carrier x2  
  133  32:48  Stalker x4  
  123  33:30  Probe  
  123  33:31  Probe x3  
  127  33:38  Probe  
  127  33:43  Probe x3  
  127  33:47  Probe  
  131  33:55  Probe x2  
  134  34:14  Photon Cannon  
  134  34:16  Shield Battery  
Tags
 
League
GoldGold
Matchup
PvP
Spawn Locations
Cross Positions
Add a new tag
Caveats
  • Supply blocks, unpowered buildings, or Contaminate may cause inaccurate times.
  • Supply counts are checked every 10 seconds.